Crom, chaotic male human Barbarian ---------------------------------- ----------- | |................................| #..........| |... # |..------+--------------..-----...#######|......<..| |......#########|..|[[[[| |.. +..-...|..| --.-------- |... #...|....| |.. |..|...|..| ##### ---- #|..---|----|.. -+------|..|...|..| # |.[.....|..|.. |.|..|..|..-----..| ### |..----.|..||---.|`.|..|.).......| % |..|..-.-|--..{..-%-|..|.------..| ------.----- |..|..|.........)...-|--.-....|..| |....%.....| |..|----|--.----|--......|%._.|..| |..........| |..| ..|.+ |..|+----------|..| |.......>..| |..| (((|.| |?]| +..| ------------ |..| (((|.- |)%| |..| |..- -----. ---- -..| |.. . ..| ---- --- ---- Crom the Bandit Experience level: 6 Strength: 18 Dexterity: 18 Constitution: 19 Intelligence: 7 Wisdom: 8 Charisma: 6 Health: 72(73) Energy: 19(19) Def: 7 Gold: 121 Moves: 3300 Dungeon seed: LyoHEuxboMTpiB9c Game ID: Crom_1588530029 Your Inventory: Coins $ - 121 gold pieces Weapons b - an uncursed +0 axe (alternate weapon; not wielded) p - a blessed rustproof +1 two-handed sword (weapon in hands) t - an uncursed +0 spear z - a blessed +0 elven dagger K - a blessed +4 dwarvish mattock named Righteous Mattock S - an uncursed +0 aklys Armor e - an uncursed +0 cloak of invisibility (being worn) n - an uncursed +1 elven cloak q - a blessed fireproof +0 pair of speed boots (being worn) I - an uncursed +0 elven mithril-coat (being worn) Comestibles c - an uncursed food ration h - an uncursed fortune cookie i - an uncursed apple Scrolls J - 2 uncursed scrolls of blank paper Potions v - a blessed potion of healing x - 2 cursed potions of full healing L - an uncursed potion of blindness M - an uncursed potion of gain level Rings l - a cursed ring of polymorph control y - a blessed +0 ring of gain strength Wands H - an uncursed wand of magic missile (0:0) O - an uncursed wand of cold (0:6) Tools g - an uncursed tinning kit (0:99) w - an uncursed tin whistle Gems r - 11 uncursed rocks N - an uncursed worthless piece of black glass R - an uncursed worthless piece of blue glass Y - 4 uncursed flints Spells and supernatural/magical abilities: Name Level Category Fail Memory W - pray for help -- divine ? -- Your skills at the end: Miscellaneous Skills bare handed combat [Basic] Weapon Skills axe [Basic] two-handed sword [Skilled] Spellcasting Skills Final Attributes: You were piously aligned. You were poison resistant. You were invisible. You were very fast. You survived after being killed once. Vanquished creatures: a gnome mummy 3 gnome lords 3 gnomish wizards a kobold mummy a black naga hatchling a paper golem 2 puppies 4 dwarves 4 rothes 5 monkeys 2 hobbits an acid blob a large kobold 3 geckos a giant rat a cave spider 2 green molds 22 gnomes a gnome zombie 5 jackals a fox 2 kobolds 3 newts a goblin 4 sewer rats 5 grid bugs a lichen a kobold zombie 82 creatures vanquished. Voluntary challenges: You had followed a strict vegan diet until turn 3205. You had followed a strict vegetarian diet until turn 3205. You did not cause conflict. You did not have reflection. You were not displaced. You were an atheist. You used a wielded weapon 88 times, starting on turn 234. You did not apply a unicorn horn. You did not use plumbed fixtures. You read items or engraved 10 times, starting on turn 341. You never genocided any monsters. You never polymorphed an object. You never changed form. You used 5 wishes, starting on turn 811. You did not wish for any artifacts. You never split a pudding. You never wrote Elbereth's name. You never violated your personal moral code. Dungeon overview: The Dungeons of Doom: levels 1 to 4 Level 1 a fountain, a sink a long staircase Level 2 an armor shop Level 3 a fountain Level 4 many fountains stairs to The Gnomish Mines The Gnomish Mines: levels 5 to 7 Level 5 stairs to The Dungeons of Doom Level 6 Level 7 <- You were here some shops, a temple to Crom, a magic chest, a fountain History has recorded: On T:1 you entered the Dungeons of Doom to retrieve the Amulet of Yendor! On T:209 you reached level 2 of The Dungeons of Doom. On T:811 you wished for "+6 blessed boots of speed". On T:816 you wished for "a +10 blessed rustproof two-handed sword". On T:935 you reached level 3 of The Dungeons of Doom. On T:968 you advanced to experience level 2. On T:1397 you reached level 4 of The Dungeons of Doom. On T:1490 you wished for "a blessed +12 ring of gain strength". On T:1499 you wished for "30 potions of gain strength". On T:2147 you reached level 1 of The Gnomish Mines. On T:2159 you advanced to experience level 3. On T:2406 you were saved from death by your wizard powers! On T:2409 you advanced to experience level 4. On T:2851 you reached level 2 of The Gnomish Mines. On T:2857 you advanced to experience level 5. On T:3107 you wished for "blessed rustproof +10 boots of speed". On T:3121 you reached level 3 of The Gnomish Mines. On T:3166 you advanced to experience level 6. On T:3170 you entered the Minetown temple On T:3195 you opened a magic chest. Score breakdown: Gold: 121 ( 12 points) Experience: 6 levels ( 500 points) Exploration: 7 levels ( 180 points) Discoveries: 14 items ( 700 points) Variety of kills: 28 monsters ( 1400 points) Major goal: reached Minetown ( 500 points) Survival: quit (score multiplied by 3) Total score: 9876 Latest messages: You are now wielding your elven cloak. "The food's not fit for Orcs!" You feel agile! You must have been working on your reflexes. You start equipping your cloak of invisibility. You are now wearing a cloak of invisibility. Suddenly you cannot see yourself. Artvin senses your presence. "Invisible customers are not welcome!" You hear bubbling water. The gecko bites! You begin bashing monsters with your elven cloak. You miss the gecko. You are now wielding your two-handed sword. The gecko bites! You kill the gecko! You kill the gnome! You kill the dwarf! There are several objects here. Final status: Goodbye Crom the Barbarian, quit... You quit in The Gnomish Mines on dungeon level 7 with 9876 points, and 121 pieces of gold, after 3300 moves. You were level 6 with a maximum of 73 hit points when you quit.